 Dungeon Crawl Stone Soup version 0.26-a0-466-g989023bd0d (webtiles) character file.

Game seed: 11511746100025114201

984 pk666 the Magician (level 7, 0/36 HPs)
             Began as a Deep Elf Hedge Wizard on Aug 8, 2020.
             Shot with an arrow by a centaur (11 damage)
             ... on level 6 of the Dungeon.
             The game lasted 00:24:09 (6420 turns).

pk666 the Magician (Deep Elf Hedge Wizard)          Turns: 6420, Time: 00:24:10

Health: 0/36       AC: 10    Str:  7    XL:     7   Next: 97%
Magic:  20/20      EV: 13    Int: 21    God:
Gold:   208        SH:  0    Dex: 14    Spells: 12/21 levels left

rFire    . . .     SeeInvis .   a - +0 dagger
rCold    . . .     Faith    .   (no shield)
rNeg     . . .     Spirit   .   b - +0 robe
rPois    .         Reflect  .   c - +0 hat
rElec    .         Harm     .   p - +1 cloak
rCorr    .                      h - +2 pair of gloves
MR       .....                  y - +2 pair of boots {run}
Stlth    ++........             e - amulet of magic regeneration
HPRegen  0.12/turn              (no ring)
MPRegen  0.42/turn              (no ring)

@: very slightly contaminated, quick
A: no striking features
a: no special abilities


You were on level 6 of the Dungeon.
You visited 1 branch of the dungeon, and saw 6 of its levels.

You collected 228 gold pieces.
You spent 20 gold pieces at shops.

Inventory:

Hand Weapons
 a - a +0 dagger (weapon)
Armour
 b - a +0 robe (worn)
 c - a +0 hat (worn)
 h - a +2 pair of gloves (worn)
 p - a +1 cloak (worn)
 y - a +2 pair of boots of running (worn)
Jewellery
 e - an amulet of magic regeneration (around neck)
Wands
 v - a wand of clouds (5)
 C - a wand of disintegration (12)
Scrolls
 d - 2 scrolls of amnesia
 f - a scroll of enchant armour
 i - a scroll of immolation
 j - 3 scrolls of fog
 k - 5 scrolls of remove curse
 l - 6 scrolls of magic mapping
 n - a scroll of enchant weapon {unknown}
 q - a scroll of teleportation
 z - 3 scrolls of identify
 A - 2 scrolls of blinking {unknown}
Potions
 g - 2 potions of cancellation
 m - a potion of stabbing
 o - a potion of magic {unknown}
 r - 3 potions of flight {unknown}
 s - 3 potions of heal wounds
 t - 3 potions of curing
 u - a potion of ambrosia {unknown}
 w - a potion of lignification {unknown}
 x - 4 potions of might
 B - a potion of invisibility {unknown}


   Skills:
 - Level 3.2 Dodging
 - Level 2.4 Stealth
 + Level 7.8 Spellcasting
 + Level 5.3 Conjurations
   Level 1.1 Summonings
 - Level 2.0 Translocations
 + Level 4.7 Fire Magic
 - Level 2.0 Air Magic
 - Level 2.0 Poison Magic


You had 12 spell levels left.
You knew the following spells:

 Your Spells              Type           Power        Failure   Level
a - Magic Dart            Conj           ####         1%          1
b - Blink                 Tloc           N/A          5%          2
c - Conjure Flame         Conj/Fire      ####....     3%          3
d - Mephitic Cloud        Conj/Pois/Air  ###.....     7%          3

Your spell library contained the following spells:

 Spells                   Type           Power        Failure   Level
 Call Imp                 Summ           ##......     8%          2
 Slow                     Hex            #.......     12%         2


Dungeon Overview and Level Annotations

Branches:
Dungeon (6/15)
 Temple: D:4-7

Altars:
Kikubaaqudgha
Sif Muna
Trog

Shops:
D:4 *

Annotations:
D:3 3 runed translucent doors, Apogee's ghost, amateur SpEn
D:4 2 runed translucent doors, raph's ghost, amateur TeAE


Message History

The iguana is severely wounded.
The iguana barely misses you.
The centaur wields a +0 shortbow.
The centaur shoots an arrow.
The arrow hits you!
The sky beast flickers out of sight!
Deactivating autopickup; reactivate with Ctrl-A.
The centaur shoots an arrow.
The arrow closely misses you.
You see here an arrow.
The white imp closely misses you.
The white imp hits you but does no damage.
The centaur shoots an arrow.
The arrow hits you!
You see here an arrow.
A sky beast appears from thin air!
Reactivating autopickup.
The iguana seems less confused.
Found a scroll of teleportation.
Found a stone staircase leading down.
The centaur shoots an arrow.
The arrow hits you.
You see here an arrow.
The centaur shoots an arrow.
The arrow hits you!
You die...

##.#### #.....#
#....># #?....# ##...
...# #.....# ##....
....## #.....# #[...
....#. #.....# #..#
##..?..
#...@.###.$####.....#
#...(l...............
#.......###cc.ยง......
###...5..Y...........
#.....O......(......
###........(.####...
#.#...(....####..#
#.#.......###....#
#.######### #<#..#


You could see a sky beast, an ogre, a centaur, an iguana and a white imp.

Vanquished Creatures
  Eustachio (D:6)
  5 scorpions
  A howler monkey (D:5)
  2 hounds (D:5)
  3 orc wizards
  An iguana (D:5)
  4 worker ants
  A hound skeleton (D:4)
  2 worker ant zombies
  Robin (D:2)
  8 gnolls
  A howler monkey zombie (D:6)
  6 adders
  A white imp (D:5)
  2 oozes
  4 worms
  4 leopard geckos
  9 orcs
  A ball python (D:2)
  4 giant cockroaches
  15 goblins
  5 hobgoblins
  2 jackals (D:5)
  4 bats
  5 frilled lizards
  A giant cockroach zombie (D:5)
  5 kobolds
  A leopard gecko skeleton (D:4)
  9 rats
108 creatures vanquished.

Notes
Turn   | Place    | Note
-------+----------+-------------------------------------------
     0 | D:1      | pk666 the Deep Elf Hedge Wizard began the quest for the
                  | Orb.
     0 | D:1      | Reached XP level 1. HP: 10/10 MP: 7/7
   246 | D:1      | Reached XP level 2. HP: 6/15 MP: 1/9
   887 | D:2      | Noticed a phantom
   904 | D:2      | Reached skill level 5 in Spellcasting
   904 | D:2      | Reached XP level 3. HP: 19/19 MP: 6/11
   918 | D:1      | Learned a level 2 spell: Blink
   922 | D:1      | Learned a level 3 spell: Conjure Flame
   926 | D:1      | Learned a level 3 spell: Mephitic Cloud
  1582 | D:2      | Noticed Robin
  1667 | D:2      | Killed Robin
  1667 | D:2      | Reached XP level 4. HP: 7/24 MP: 5/13
  1674 | D:2      | Reached skill level 1 in Fire Magic
  1674 | D:2      | Reached skill level 1 in Poison Magic
  1892 | D:2      | Reached skill level 1 in Air Magic
  1899 | D:2      | HP: 1/24 [gnoll/+0 flail (11)]
  2805 | D:3      | Found an ancient bone altar of Kikubaaqudgha.
  2883 | D:3      | Reached XP level 5. HP: 28/28 MP: 10/14
  3318 | D:3      | Found a runed translucent gate.
  3318 | D:3      | Found a runed translucent gate.
  3318 | D:3      | Found a runed translucent gate.
  3324 | D:3      | Noticed Apogee's ghost (amateur SpEn)
  3605 | D:4      | Found Daqun's General Store.
  3613 | D:4      | Bought a scroll of fog for 20 gold pieces
  4125 | D:4      | Identified a +2 pair of boots of running (You found it on
                  | level 4 of the Dungeon)
  4127 | D:4      | Found a large runed translucent door.
  4128 | D:4      | Found a large runed translucent door.
  4130 | D:4      | Noticed raph's ghost (amateur TeAE)
  4150 | D:4      | Reached XP level 6. HP: 32/32 MP: 12/16
  4216 | D:4      | Reached skill level 6 in Spellcasting
  4328 | D:4      | Noticed a moth of wrath
  4330 | D:4      | Found a bloodstained altar of Trog.
  4531 | D:4      | Found a shimmering blue altar of Sif Muna.
  4612 | D:5      | Entered Level 5 of the Dungeon
  4927 | D:5      | Reached XP level 7. HP: 23/36 MP: 9/18
  5242 | D:5      | Reached skill level 7 in Spellcasting
  6207 | D:6      | Noticed Eustachio
  6228 | D:6      | Killed Eustachio
  6228 | D:6      | Reached skill level 5 in Conjurations
  6420 | D:6      | Shot with an arrow by a centaur

Illustrated notes

Levels and vault maps discovered:
D:1:      ebering_trefoil_twist, layout_loops_ring
D:2:      layout_loops_ring, corexii_leaking_fountain, uniq_robin
D:3:      layout_basic, overflow_temple_1_default, gammafunk_ghost_split
D:4:      layout_basic, tgw_trog, led_sif_book, serial_shops, shop_statue,
          ebering_ghost_disaster_area
D:5:      minmay_general_purpose_star, layout_basic, kennysheep_generic_room_5
D:6:      layout_rooms, temple_hall, lightli_sewer_entry_pipes,
          nemelex_dance_club_becter, uniq_eustachio

Skill      XL: |  1  2  3  4  5  6  7 |
---------------+----------------------+-----
Dodging        | 3 |  3.2
Conjurations   | 2 3 4 5 |  5.3
Spellcasting   | 5 6 7 |  7.8
Fire Magic     | 1 2 3 4 |  4.7
Poison Magic   | 1 2 |  2.0
Air Magic      | 1 2 |  2.0
Translocations | 2 |  2.0
Stealth        | |  2.4
Summonings     | |  1.1

Action                   |  1- 3 |  4- 6 |  7- 9 || total
-------------------------+-------+-------+-------++-------
Melee: Dagger            |     8 |     5 |     2 ||    15
 Cast: Magic Dart        |    95 |   165 |    97 ||   357
       Blink             |     2 |     1 |       ||     3
       Conjure Flame     |     2 |    11 |    11 ||    24
       Mephitic Cloud    |       |    10 |     7 ||    17
  Use: Potion            |     2 |       |       ||     2
       Scroll            |       |     9 |       ||     9
 Stab: Confused          |       |       |     1 ||     1
Armor: Robe              |     2 |       |     2 ||     4
Dodge: Dodged            |    22 |    22 |     3 ||    47

Table legend: (Time is in decaauts)
 A = Elapsed time spent in this place.
 B = Non-inter-level travel time spent in this place.
 C = Inter-level travel time spent in this place.
 D = Time resting spent in this place.
 E = Time spent auto-exploring this place.
 F = Levels seen in this place.
 G = Mean time per level.
                   A        B        C        D        E       F      G
               +--------+--------+--------+--------+--------+-----+--------+
         Total |   6277 |   5919 |    358 |   1931 |   2729 |   6 | 1046.2 |
       Dungeon |   6277 |   5919 |    358 |   1931 |   2729 |   6 | 1046.2 |
               +--------+--------+--------+--------+--------+-----+--------+

Top non-repeatable levels by time:
     D:1: 1485 daAuts
     D:5: 1420 daAuts
     D:2: 1326 daAuts
     D:3: 980 daAuts
     D:4: 830 daAuts
     D:6: 233 daAuts
